 Dungeon Crawl Stone Soup version 0.29-a0-352-g0917bc69df (webtiles) character file.

Game seed: 6224076623604015038

56 avis the Skirmisher (level 3, -3/33 HPs)
             Began as a Hill Orc Monk on Apr 25, 2022.
             Slain by a goblin
             ... wielding a +0 dagger
             ... led by Robin
              (4 damage)
             ... on level 2 of the Dungeon.
             The game lasted 00:07:46 (1598 turns).

avis the Skirmisher (Hill Orc Monk)                 Turns: 1598, Time: 00:07:46

Health: -3/33      AC:  3    Str: 15    XL:     3   Next: 95%
Magic:  3/3        EV: 12    Int: 10    God:
Gold:   102        SH:  0    Dex: 13    Spells: 2/2 levels left

rFire   . . .      SeeInvis .     - Unarmed
rCold   . . .      Faith    .   (no shield)
rNeg    . . .      Spirit   .   h - +0 leather armour
rPois   .          Reflect  .   (no helmet)
rElec   .          Harm     .   (no cloak)
rCorr   .          Rampage  .   (no gloves)
Will    .....                   (no boots)
Stlth   ++........              (no amulet)
HPRegen 0.11/turn               (no ring)
MPRegen 0.08/turn               (no ring)

@: mighty
A: no striking features
a: no special abilities


You were on level 2 of the Dungeon.
You visited 1 branch of the dungeon, and saw 2 of its levels.

You collected 102 gold pieces.

Inventory:

Hand Weapons
 w - a +1 vampiric whip
Missiles
 c - 56 stones (quivered)
Armour
 a - a +0 robe
 h - a +0 leather armour (worn)
Scrolls
 d - a scroll of summoning {unknown}
 e - 2 scrolls of enchant weapon {unknown}
 g - a scroll of noise {unknown}
 k - a scroll of teleportation {unknown}
 l - a scroll of fear {unknown}
Potions
 b - a potion of flight {unknown}
 f - a potion of curing {unknown}
 i - a potion of might
 j - a potion of mutation {unknown}


   Skills:
 + Level 4.2 Fighting
 + Level 2.8 Dodging
 - Level 2.0 Stealth
 * Level 4.1 Unarmed Combat


You had 2 spell levels left.
You didn't know any spells.
Your spell library was empty.

Dungeon Overview and Level Annotations

Branches:
Dungeon (2/15)

Altars:

Shops:
D:1 [[(*

Annotations:
D:1 Book in glass case


Message History

Robin is heavily wounded.
The goblin closely misses you.
A goblin comes into view. It is wielding a +0 dagger.
Robin's bangles clink loudly.
Robin closely misses you.
You hit Robin but do no damage.
Robin is moderately wounded.
The goblin hits you with a +0 club. Robin hits you with a +0 mace.
You barely miss Robin.
Robin is moderately wounded.
The goblin hits you with a +0 club. Robin hits you with a +0 mace.
You hit Robin.
Robin is heavily wounded.
The goblin hits you with a +0 club. Robin throws the goblin at you!
You hit Robin but do no damage.
Robin is heavily wounded.
The goblin closely misses you. The goblin hits you with a +0 dagger.
Robin hits you with a +0 mace.
* * * LOW HITPOINT WARNING * * *
You barely miss Robin. You punch Robin.
Robin is severely wounded.
The goblin closely misses you. The goblin barely misses you.
Robin barely misses you.
You hit Robin but do no damage.
Robin is severely wounded.
The goblin hits you with a +0 club.
* * * LOW HITPOINT WARNING * * *
The goblin hits you but does no damage. Robin hits you with a +0 mace.
* * * LOW HITPOINT WARNING * * *
It was a potion of might.
You feel very mighty all of a sudden.
The goblin no longer looks unusually strong.
The goblin completely misses you. The goblin barely misses you.
Robin says, "My goblins will feast on your bones."
Robin roars a battlecry!
The goblin goes into a battle-frenzy!
You punch Robin!
You kill Robin!
The goblin hits you but does no damage. The goblin hits you with a +0 dagger.
You die...

.#..# ##. ....#
#.. .#.########
#.# .#.##.....#
#.# .#....###.#
... ........#.#
#.# ........#.#
#.# .##.#.....#
#)#
)##.##..########@#
....##.........gg#
.#####.###########
.#####.# .......#
########


You could see 2 goblins.

Vanquished Creatures
  Robin (D:2)
  2 adders
  A dart slug (D:1)
  5 endoplasms
  4 hobgoblins
  5 kobolds
  A quokka (D:1)
  2 ball pythons
  A bat (D:2)
  3 frilled lizards (D:1)
  7 goblins
  3 rats (D:1)
35 creatures vanquished.

Notes
Turn   | Place    | Note
-------+----------+-------------------------------------------
     0 | D:1      | avis the Hill Orc Monk began the quest for the Orb.
     0 | D:1      | Reached XP level 1. HP: 19/19 MP: 1/1
     7 | D:1      | Found Argheh's General Store.
    29 | D:1      | Found Faang's Weapon Boutique.
    38 | D:1      | Found a faded altar of an unknown god.
    38 | D:1      | Found Lerosmips's Antique Armour Shop.
   245 | D:1      | Reached XP level 2. HP: 23/27 MP: 2/2
   434 | D:1      | Found Duhaosh's Armour Emporium.
   976 | D:1      | Reached XP level 3. HP: 8/33 MP: 3/3
  1582 | D:2      | Noticed Robin
  1596 | D:2      | HP: 1/33 [Robin/+0 mace (1)]
  1598 | D:2      | Killed Robin
  1598 | D:2      | Slain by a goblin

Illustrated notes

Levels and vault maps discovered:
D:1:      minmay_arrival_glassed_features, layout_basic, serial_shops,
          nicolae_shop_advertising_works [nicolae_subvault_shop_adworks], shop,
          nicolae_shop_bloodbath_and_beyond, shop, basic_ecumenical_altar
D:2:      layout_loops_cross, uniq_robin, uniq_sigmund

Skill      XL: |  1  2  3 |
---------------+----------+-----
Fighting       | 4 |  4.2
Stealth        | 2 |  2.0
Unarmed Combat | 4 |  4.1
Dodging        | |  2.8

Action                   || total
-------------------------++-------
Melee: Unarmed           ||   120
       Punch             ||     4
  Use: Potion            ||     2
 Stab: Sleeping          ||     5
Armor: Robe              ||     2
       Leather armour    ||    16
Dodge: Dodged            ||    72

Table legend: (Time is in decaauts)
 A = Elapsed time spent in this place.
 B = Non-inter-level travel time spent in this place.
 C = Inter-level travel time spent in this place.
 D = Time resting spent in this place.
 E = Time spent auto-exploring this place.
 F = Levels seen in this place.
 G = Mean time per level.
                   A        B        C        D        E       F      G
               +--------+--------+--------+--------+--------+-----+--------+
         Total |   1590 |   1504 |     86 |    389 |    714 |   2 |  795.0 |
       Dungeon |   1590 |   1504 |     86 |    389 |    714 |   2 |  795.0 |
               +--------+--------+--------+--------+--------+-----+--------+

Top non-repeatable levels by time:
     D:1: 1218 daAuts
     D:2: 371 daAuts
